Unix NetHack Version 5.0.0-0 post-release - last build May  3 2026 23:40:34 (9823c992c0763bbd039eca2974112f46eaf799b3,branch:main).

Game began 2026-05-04 11:10:56, ended 2026-05-04 11:20:47.

Drastanta, neutral male human Barbarian

                                  ----
                                 --..--
                                 ..*)).
                                 .).G..
                                 ...d@..
                                    .^..
                                ........
                                .).^<...
                                .))..)[.
                                .......

Drastanta the Pillager     St:18/01 Dx:16 Co:18 In:7 Wi:7 Ch:8  Neutral
Dlvl:3  $:206 HP:0(47) Pw:7(7) AC:7  Xp:4 T:845  Deaf

Latest messages:
 You see here 6 darts.
 You are hit by a dagger.
 You are hit by an arrow.
 The gnome swings his bow.
 The gnome misses!
 You kill the dwarf!
 You are hit by a dagger.
 It is missed.
 You are hit by a dart.
 It is hit.
 The gnome swings his bow.
 The gnome hits!
 The hobbit jumps into a hole!
 You are hit by an arrow!
 You feel your magical energy drain away!
 You are hit by a dart.
 You see here a swirly potion.
 A dart misses you.
 What do you want to eat? [dgi or ?*] ?
 This lembas wafer is delicious!
 You are hit by a dart.
 You stop eating the lembas wafer.
 You kill the gnome lord!
 There is a gnome lord corpse here; eat it? [ynq] (n) y
 This gnome lord corpse is stringy.
 You are hit by a dagger.
 You stop eating the gnome lord corpse.
 Idefix eats a partly eaten gnome lord corpse.
 You are almost hit by a dagger.
 An arrow misses you.
 You kill the gnome!
 You kill the gnome!
 It is hit.
 You kill the gnome!
 There is a gnome corpse here; eat it? [ynq] (n) y
 Blecch!  Rotten food!
 The world spins and goes dark.
 The gnome picks up an arrow.
 The gnome thrusts one of her daggers.
 The gnome hits!
 The gnome thrusts one of her daggers.
 The gnome hits!
 The gnome thrusts one of her daggers.
 The gnome hits!
 You die...
 Do you want your possessions identified? [ynq] (y) n
 Do you want to see your attributes? [ynq] (y) n
 Do you want an account of creatures vanquished? [ynaq] (y) n
 Do you want to see your conduct and achievements? [ynq] (y) n
 Do you want to see the dungeon overview? [ynq] (y) n

Inventory:
 Coins    ('$')
  $ - 206 gold pieces
 Weapons  (')')
  a - a +0 battle-axe (weapon in hands)
  b - a +0 short sword (alternate weapon; not wielded)
 Armor    ('[')
  c - an uncursed +0 ring mail (being worn)
 Comestibles  ('%')
  d - 2 uncursed food rations
  i - an uncursed partly eaten lembas wafer
  g - an uncursed tripe ration
 Scrolls  ('?')
  o - a blessed scroll of remove curse
 Spellbooks  ('+')
  e - an uncursed spellbook of chain lightning
 Potions  ('!')
  h - an uncursed potion of confusion
  p - an uncursed potion of fruit juice
  j - an uncursed potion of oil
  m - a cursed potion of sickness
 Wands    ('/')
  f - a blessed wand of digging (0:5)
 Tools    ('(')
  l - an uncursed leash
  n - an uncursed skeleton key
  k - an uncursed stethoscope

Drastanta the Barbarian's attributes:

Background:
 You were a Pillager, a level 4 male human Barbarian.
 You were neutral, on a mission for Crom
 who was opposed by Mitra (lawful) and Set (chaotic).
 You were right-handed.
 You were in the Gnomish Mines, on level 3.
 You entered the dungeon 845 turns ago.
 There was a full moon in effect when your adventure ended.
 You had 133 experience points, 27 more were needed to attain level 5.

Basics:
 You had 0 out of 47 hit points.
 You had all 7 energy points (spell power).
 Your armor class was 7.
 Your wallet contained 206 zorkmids.
 Autopickup was off.

Final Characteristics:
 Your strength was 18/01 (limit:18/100).
 Your dexterity was 16 (limit:18).
 Your constitution was 18 (limit:18).
 Your intelligence was 7 (limit:18).
 Your wisdom was 7 (limit:18).
 Your charisma was 8 (limit:18).

Final Status:
 You were deaf.
 You weren't hungry.
 You were unencumbered.
 You were wielding an axe.
 You had basic skill with axe.

Final Attributes:
 You were devoutly aligned.
 You were poison resistant.
 You were warded.
 You were lucky.
 You are dead.

Miscellaneous:
 You didn't encounter any bones levels.
 Total elapsed playing time was 9 minutes and 49 seconds.

Major events:
 Turn
    1: Drastanta the neutral male human Barbarian entered the dungeon
  544: attained the rank of Pillager (level 3)
  801: entered the Gnomish Mines
  845: killed by a gnome, while unconscious from rotten food

You didn't know any spells.

Skills:
 Fighting Skills
   bare handed combat [Basic]
   two weapon combat  [Unskilled]
   riding             [Unskilled]
 Weapon Skills
   dagger             [Unskilled]
   axe                [Basic]
   pick-axe           [Unskilled]
   short sword        [Basic]
   broadsword         [Unskilled]
   long sword         [Unskilled]
   two-handed sword   [Unskilled]
   saber              [Unskilled]
   club               [Unskilled]
   mace               [Unskilled]
   morning star       [Unskilled]
   flail              [Unskilled]
   hammer             [Unskilled]
   quarterstaff       [Unskilled]
   spear              [Unskilled]
   trident            [Unskilled]
   bow                [Unskilled]
 Spellcasting Skills
   attack spells      [Unskilled]
   escape spells      [Unskilled]

Voluntary challenges:
 Character rerolling was not enabled.
 You were an atheist.
 You were illiterate.
 You never genocided any monsters.
 You never polymorphed an object.
 You never changed form.
 You used no wishes.
Achievements:
 You entered a shop.
 You attained the rank of Pillager.
 You entered the Gnomish Mines.

 The Dungeons of Doom: levels 1 to 2
    Level 1:
    Level 2:
       A tool shop.
       Stairs down to The Gnomish Mines.
 The Gnomish Mines:
    Level 3: <- You were here.
       Final resting place for
          you, killed by a gnome, while unconscious from rotten food.


Vanquished creatures:
  a small mimic
  2 gnome leaders
  a dwarf
 an acid blob
  a hobbit
  a red mold
  4 gnomes
  3 jackals
  2 goblins
  2 sewer rats
  3 grid bugs
  2 lichens
23 creatures vanquished.

No species were genocided or became extinct.

Game over:
                       ----------
                      /          \
                     /    REST    \
                    /      IN      \
                   /     PEACE      \
                  /                  \
                  |    Drastanta     |
                  |      206 Au      |
                  |   killed by a    |
                  |      gnome       |
                  |                  |
                  |                  |
                  |       2026       |
                 *|     *  *  *      | *
        _________)/\\_//(\/(/\)/\//\/|_)_______

Goodbye Drastanta the Barbarian...

You died in The Gnomish Mines on dungeon level 3 with 854 points,
and 206 pieces of gold, after 845 moves.
You were level 4 with a maximum of 47 hit points when you died.

